 Dungeon Crawl Stone Soup version 0.28.0 (webtiles) character file.

Game seed: 9308300279219110954

424 DrunkBamboolord the Conjurer (level 6, -2/32 HPs)
             Began as a Deep Elf Conjurer on Feb 7, 2022.
             Slain by Edmund (13 damage)
             ... on level 4 of the Dungeon.
             The game lasted 00:15:32 (4302 turns).

DrunkBamboolord the Conjurer (Deep Elf Conjurer)    Turns: 4302, Time: 00:15:33

Health: -2/32      AC:  2    Str:  4    XL:     6   Next: 64%
Magic:  2/16       EV: 16    Int: 25    God:
Gold:   182        SH:  4    Dex: 13    Spells: 6/16 levels left

rFire   . . .      SeeInvis .   a - +1 spear
rCold   . . .      Faith    .   f - +0 buckler
rNeg    . . .      Spirit   .   c - +0 robe
rPois   .          Reflect  .   (no helmet)
rElec   .          Harm     .   (no cloak)
rCorr   .          Rampage  .   (no gloves)
Will    .....                   (no boots)
Stlth   ++........              (no amulet)
HPRegen 0.10/turn               n - ring of wizardry
MPRegen 0.15/turn               p - +4 ring of evasion

@: no status effects
A: no striking features
a: no special abilities


You were on level 4 of the Dungeon.
You visited 1 branch of the dungeon, and saw 4 of its levels.

You collected 182 gold pieces.

Inventory:

Hand Weapons
 a - a +1 spear (weapon)
 b - a +3 dagger
Armour
 c - a +0 robe (worn)
 f - a +0 buckler (worn)
Jewellery
 n - a ring of wizardry (left hand)
 o - an amulet of faith
 p - a +4 ring of evasion (right hand)
Wands
 i - a wand of iceblast (9)
Scrolls
 g - a scroll of fear {unknown}
 h - a scroll of brand weapon {unknown}
 j - 2 scrolls of fog
 m - a scroll of teleportation {unknown}
Potions
 d - a potion of flight {unknown}
 e - 2 potions of might {unknown}
 k - a potion of haste
 l - a potion of lignification {unknown}


   Skills:
 + Level 2.7 Dodging
 + Level 3.2 Stealth
 * Level 1.0 Shields
 * Level 5.8 Spellcasting
 * Level 7.1 Conjurations
 * Level 0.8 Hexes


You had 6 spell levels left.
You knew the following spells:

 Your Spells              Type           Power      Damage    Failure   Level
a - Magic Dart            Conj           100%       1d8       1%          1
b - Searing Ray           Conj           84%        2d7       1%          2
c - Dazzling Flash        Conj/Hex       54%        N/A       2%          3
d - Fulminant Prism       Conj/Hex       13%        3d9       9%          4

Your spell library contained the following spells:

 Spells                   Type           Power      Damage    Failure   Level
 Iskenderun's Mystic Bla  Conj/Tloc      25%        2d7       10%         4


Dungeon Overview and Level Annotations

Branches:
Dungeon (4/15)
 Temple: D:4-7

Altars:

Shops:
D:2 *

Annotations:
D:4 Edmund


Message History

Aiming: Magic Dart (safe; 1% risk of failure)
Press: ? - help, Q - select action, (/) - cycle Shift-Dir - straight line, f/p - Edmund
Aim: Edmund, wielding a +0 dire flail of protection and wearing a +0 ring mail (heavily wounded, 100% to hit)
The magic dart hits Edmund but does no damage.
Edmund is heavily wounded.
Edmund misses you.
You closely miss Edmund.
Edmund is heavily wounded.
Edmund hits you with a +0 dire flail of protection.
You hit Edmund but do no damage.
Edmund is heavily wounded.
Edmund closely misses you. You block Edmund's attack.
You hit Edmund but do no damage.
Edmund is heavily wounded.
Edmund hits you with a +0 dire flail of protection!
* * * LOW HITPOINT WARNING * * *
Edmund says, "People think my brother is the best.
I think he's crazy."
You see here a +0 club.
You see here a +0 club.
You see here a +0 club.
You see here a +0 club.
Casting: Magic Dart (safe; 1% risk of failure)
Confirm with . or Enter, or press ? or * to list all spells.
Aiming: Searing Ray (safe; 1% risk of failure)
Press: ? - help, Shift-Dir - straight line, f/p - Edmund
Aim: Edmund, wielding a +0 dire flail of protection and wearing a +0 ring mail (heavily wounded, 84% to hit)
The searing ray hits Edmund.
Edmund is heavily wounded. (Press . to maintain the ray.)
The searing ray hits Edmund.
Edmund is severely wounded.
Edmund closely misses you.
The searing ray hits Edmund.
Edmund is almost dead.
Edmund closely misses you.
The searing ray hits Edmund.
Edmund is almost dead.
You finish channelling your searing ray.
Edmund hits you with a +0 dire flail of protection!
You die...

... ... ######.# #.# #.#
#......# ###
#####.###.###.####.#
#...#.............# ##.#
......#..##....######..######
.......<....#.....#...[......
......##...###@##...#.#######
......##...###........######.
>.....#....@@..............).
............#..###...#######.
............#.#####...# #. .
.....#......##......# #.
...........###....#.#######
^..........)).....#.#......
....#####.##......#...#####
.............).........####
....#######..#.....###.....


You could see Edmund.

Vanquished Creatures
  Grinder (D:3)
  An orc priest (D:3)
  2 orc wizards (D:3)
  A gnoll (D:1)
  4 adders
  An adder skeleton (D:4)
  A worm (D:2)
  2 dart slugs
  9 orcs
  5 bats (D:1)
  4 endoplasms
  A giant cockroach (D:2)
  4 goblins
  8 hobgoblins
  7 jackals (D:1)
  A quokka (D:3)
  8 ball pythons
  3 frilled lizards
  7 kobolds
  7 rats
77 creatures vanquished.

Vanquished Creatures (others)
  A fulminant prism (D:4)
1 creature vanquished.

Grand Total: 78 creatures vanquished

Notes
Turn   | Place    | Note
-------+----------+-------------------------------------------
     0 | D:1      | DrunkBamboolord the Deep Elf Conjurer began the quest for
                  | the Orb.
     0 | D:1      | Reached XP level 1. HP: 10/10 MP: 6/6
   167 | D:1      | Reached XP level 2. HP: 3/15 MP: 5/8
   449 | D:1      | Found a faded altar of an unknown god.
   464 | D:1      | Reached skill level 5 in Conjurations
   514 | D:1      | Learned a level 2 spell: Searing Ray
   799 | D:1      | Reached XP level 3. HP: 19/19 MP: 6/9
  1605 | D:2      | You fall into a shaft and drop 1 floor!
  1723 | D:3      | Noticed Grinder
  2224 | D:2      | Found Miuheest's General Store.
  2339 | D:2      | Reached XP level 4. HP: 24/24 MP: 8/11
  2923 | D:3      | Paralysed by Grinder for 5 turns
  2932 | D:3      | Killed Grinder
  2933 | D:3      | Reached skill level 1 in Shields
  2933 | D:3      | Reached skill level 5 in Spellcasting
  2933 | D:3      | Reached skill level 6 in Conjurations
  2933 | D:3      | Reached XP level 5. HP: 19/28 MP: 1/14
  2933 | D:3      | Reached XP level 6. HP: 22/32 MP: 1/15
  3094 | D:3      | Reached skill level 7 in Conjurations
  3796 | D:4      | Learned a level 3 spell: Dazzling Flash
  4008 | D:4      | Learned a level 4 spell: Fulminant Prism
  4184 | D:4      | Noticed Edmund
  4302 | D:4      | Slain by Edmund

Illustrated notes

Levels and vault maps discovered:
D:1:      lemuel_arrival_muddy, layout_loops_corners, basic_ecumenical_altar
D:2:      layout_loops_ring, serial_shops, nicolae_shop_trees,
          minmay_close_crescents
D:3:      layout_loops_ring, hangedman_decor_lopped, uniq_grinder
D:4:      layout_rooms, uniq_edmund

Skill      XL: |  1  2  3  4  5  6 |
---------------+-------------------+-----
Conjurations   | 5 6 7 |  7.1
Spellcasting   | 5 |  5.8
Stealth        | 3 |  3.2
Shields        | 1 |  1.0
Dodging        | |  2.7
Hexes          | |  0.8

Action                   |  1- 3 |  4- 6 || total
-------------------------+-------+-------++-------
Melee: Spear             |     2 |    16 ||    18
 Cast: Magic Dart        |    82 |    57 ||   139
       Searing Ray       |       |    14 ||    14
       Dazzling Flash    |       |     2 ||     2
       Fulminant Prism   |       |     1 ||     1
  Use: Scroll            |     3 |       ||     3
 Stab: Sleeping          |     1 |       ||     1
Armor: Robe              |     2 |       ||     2
Dodge: Dodged            |     4 |    18 ||    22
Block: Buckler           |       |     5 ||     5
